 Dungeon Crawl Stone Soup version 0.20-a0-33-g996f6e0 (webtiles) character file.

14019 one1010 the Cleaver (level 12, -2/107 HPs)
             Began as a Hill Orc Fighter on Nov 10, 2016.
             Was an Elder of Beogh.
             Killed from afar by an electric eel (6 damage)
             ... with a bolt of electricity
             ... on level 1 of the Lair of Beasts.
             The game lasted 00:45:08 (9924 turns).

one1010 the Cleaver (Hill Orc Fighter)              Turns: 9924, Time: 00:45:09

Health: -2/107     AC: 22    Str: 24    XL:     12   Next: 12%
Magic:  21/21      EV:  5    Int:  8    God:    Beogh [****..]
Gold:   361        SH: 19    Dex: 10    Spells: 0 memorised, 11 levels left

rFire  + + .     SeeInvis .     r - +6 hand axe of Exquisite Torment {flame, +Fly rPois rC+ MP+9}
rCold  + . .     Gourm    .     K - +0 plate armour
rNeg   . . .     Faith    .     k - +1 large shield
rPois  +         Spirit   .     w - +0 helmet
rElec  .         Reflect  .     N - +2 cloak
rCorr  .         Harm     .     G - +0 pair of gloves
MR     .....                    (no boots)
Stlth  ..........               s - amulet of magic regeneration
                                i - ring of protection from fire
                                v - ring of protection from fire

@: no status effects
A: icy blue scales 1
a: Smiting, Recall Orcish Followers, Renounce Religion, Evoke Flight


You were on level 1 of the Lair of Beasts.
You worshipped Beogh.
Beogh was greatly pleased with you.
You were not hungry.

You visited 2 branches of the dungeon, and saw 12 of its levels.

You collected 561 gold pieces.
You spent 200 gold pieces at shops.

Inventory:

Hand Weapons
 a - a +1 war axe
 r - the +6 hand axe of Exquisite Torment (weapon) {flame, +Fly rPois rC+ MP+9}
   (You bought it in a shop on level 5 of the Dungeon)

   It has been specially enchanted to burn those struck by it, causing extra
   injury to most foes and up to half again as much damage against particularly
   susceptible opponents.
   Big, fiery blades are also staple armaments of hydra-hunters.
   It protects you from cold.
   It protects you from poison.
   It affects your magic capacity (+9).
   It lets you fly.
 J - a +0 demon trident
Armour
 b - the +1 robe of Lilacs {Str+3}
   (You found it on level 1 of the Lair of Beasts)

   It affects your strength (+3).
 k - a +1 large shield (worn)
 o - a +0 chain mail
 w - a +0 helmet (worn)
 G - a +0 pair of gloves (worn)
 K - a +0 plate armour (worn)
 N - a +2 cloak (worn)
Jewellery
 h - an uncursed ring of wizardry
 i - a ring of protection from fire (right hand)
 s - an amulet of magic regeneration (around neck)
 v - a ring of protection from fire (left hand)
Wands
 n - a wand of lightning (9/15)
 I - a wand of enslavement (14/24)
Scrolls
 e - 4 scrolls of remove curse
 g - a scroll of identify
 l - 3 scrolls of amnesia
 m - 6 scrolls of teleportation
 x - a scroll of magic mapping
 y - 2 scrolls of fear
 H - a scroll of recharging
Potions
 j - a potion of brilliance
 p - 2 potions of cure mutation
 q - 3 potions of flight
 u - 2 potions of lignification
 z - a potion of resistance
 E - 3 potions of curing
 F - a potion of mutation
Books
 A - a book of Beasts

   Spells                             Type                      Level
   a - Summon Butterflies             Summoning                    1
   b - Call Canine Familiar           Summoning                    3
   c - Summon Ice Beast               Ice/Summoning                4
   d - Summon Mana Viper              Hexes/Summoning              5
   e - Summon Hydra                   Summoning                    7
Comestibles
 c - 2 royal jellies
 d - 2 slices of pizza
 f - 14 bread rations
 C - 3 beef jerkies
 D - a meat ration


   Skills:
 + Level 10.5 Fighting
 + Level 14.9 Axes
 + Level 9.5 Armour
 - Level 2.0 Dodging
 - Level 1.1 Stealth
 + Level 10.7 Shields
 + Level 0.3 Invocations


You had 11 spell levels left.
You didn't know any spells.

Dungeon Overview and Level Annotations

Branches:
Dungeon (11/15)            Temple (0/1) D:6            Lair (1/6) D:9
    Orc: D:9-12

Altars:
Fedhas
Makhleb
Nemelex Xobeh
Okawaru
Vehumet

Shops:
D:5 *

Portals:
Trove: D:11 (give 17 potions of curing)


Innate Abilities, Weirdness & Mutations

You are partially covered in icy blue scales. (AC +2)


Message History

* * * LOW HITPOINT WARNING * * *
The electric eel shoots out a bolt of lightning at you!
The bolt of electricity hits the electric eel.
The electric eel completely resists.
The bolt of electricity hits your orc knight.
The bolt of electricity hits you!
* * * LOW HITPOINT WARNING * * *
The electric eel shoots out a bolt of lightning at you!
The bolt of electricity hits your orc knight.
The bolt of electricity hits you!
* * * LOW HITPOINT WARNING * * *
The electric eel shoots out a bolt of lightning at you!
The bolt of electricity hits Margrim.
The bolt of electricity hits you!
* * * LOW HITPOINT WARNING * * *
The bolt of electricity hits your orc warrior.
The electric eel shoots out a bolt of lightning at you!
The bolt of electricity hits the electric eel.
The electric eel completely resists.
The bolt of electricity hits Margrim.
The bolt of electricity hits Okrist.
The bolt of electricity hits you!
You die...

...####.##.#...$.. .#♣
...P###o####.....+ ...♣
...##..o..##.....##..≈
...+....o.##.§§..#..≈
...P#.....##§§§...+
....#####.##§§§§§#
....######o#.§§§§###
...........o.§oo§§§♣
.............§§§@oo♣
.............§§§§§o;♣
..............§§§§.≈;≈≈≈
..........>........♣≈≈≈≈
...................PP≈;≈≈
...............##.≈≈≈≈≈≈≈
...##P##.##.P#..###P≈≈♣≈≈
....# ≈≈≈ ....


You could see 3 electric eels, a friendly orc knight, the friendly Margrim the
orc sorcerer, the friendly Okrist the orc sorcerer and 2 friendly orc warriors.

Vanquished Creatures
  A vault guard (D:11)
  Pikel (D:9)
  2 hill giants
  A manticore (D:9)
  An ugly thing (D:11)
  An oklob plant (Lair:1)
  Maurice (D:9)
  Psyche (D:9)
  A spiny frog (Lair:1)
  The ghost of hotshotu the Ducker, a novice HuWn of Gozag (D:4)
  2 orange demons (D:11)
  A two-headed ogre (D:8)
  Grinder (D:5)
  3 hippogriffs
  Prince Ribbit (D:9)
  3 blink frogs (Lair:1)
  A shadow (D:11)
  A spriggan (D:9)
  A yak (D:9)
  A steam dragon (D:10)
  Menkaure (D:7)
  2 porcupines (Lair:1)
  A black bear (D:11)
  A slave (D:9)
  A sky beast (D:9)
  7 ice beasts
  6 ogres
  3 orc warriors
  A phantom (D:5)
  3 crocodiles
  2 big kobolds
  4 bullfrogs
  2 scorpions
  A water moccasin skeleton (D:4)
  3 wights (D:10)
  A howler monkey (D:6)
  3 electric eels (D:9)
  2 crimson imps
  A bullfrog zombie (D:6)
  3 bullfrog skeletons
  A quasit (D:10)
  5 orc priests
  5 hounds
  5 jellies
  7 orc wizards
  A centaur skeleton (D:4)
  3 iguanas
  3 worker ants
  A hound skeleton (D:5)
  13 gnolls
  12 adders
  A hound simulacrum (D:9)
  3 shadow imps
  A white imp (D:9)
  An ufetubus (D:9)
  An ooze (D:3)
  2 adder skeletons (D:6)
  3 worms
  4 dart slugs
  3 leopard geckos
  14 orcs
  5 bats
  8 giant cockroaches
  8 goblins
  14 hobgoblins
  11 jackals
  2 quokkas
  4 frilled lizards
  14 kobolds
  A leopard gecko skeleton (D:6)
  4 rats
  A plant (Lair:1)
235 creatures vanquished.

Vanquished Creatures (collateral kills)
  The ghost of kalelian the Severer, a novice MiBe of Trog (D:9)
  2 spiny frogs (Lair:1)
  A centaur skeleton (D:10)
  A red devil (D:11)
  6 blink frogs (Lair:1)
  A wraith (D:11)
  A hungry ghost (D:11)
  A water moccasin (Lair:1)
  5 wolves (Lair:1)
  A bullfrog (Lair:1)
  A crimson imp (D:9)
  An iguana (D:9)
  An adder (D:10)
  2 orcs (D:11)
25 creatures vanquished.

Vanquished Creatures (others)
  2 orc warriors
  4 orcs
  A leopard gecko (D:9)
7 creatures vanquished.

Grand Total: 267 creatures vanquished

Notes
Turn   | Place    | Note
-------+----------+-------------------------------------------
     0 | D:1      | one1010 the Hill Orc Fighter began the quest for the Orb.
     0 | D:1      | Reached XP level 1. HP: 19/19 MP: 1/1
    34 | D:1      | Reached XP level 2. HP: 22/27 MP: 2/2
   252 | D:1      | Reached skill level 3 in Axes
   384 | D:1      | Reached XP level 3. HP: 28/33 MP: 3/3
  1166 | D:2      | Reached XP level 4. HP: 34/41 MP: 4/4
  1524 | D:2      | Reached skill level 4 in Axes
  1661 | D:3      | Became a worshipper of Beogh the Brigand
  1703 | D:3      | Reached XP level 5. HP: 41/47 MP: 5/5
  1995 | D:4      | Reached skill level 5 in Axes
  2116 | D:4      | Reached XP level 6. HP: 55/55 MP: 6/6
  2117 | D:4      | Reached skill level 5 in Fighting
  2173 | D:4      | Found a faded altar of an unknown god.
  2173 | D:4      | Found a radiant altar of Vehumet.
  2182 | D:4      | Reached skill level 6 in Axes
  2186 | D:4      | Found a sparkling altar of Nemelex Xobeh.
  2188 | D:4      | Found a faded altar of an unknown god.
  2189 | D:4      | Found a faded altar of an unknown god.
  2305 | D:4      | Found a burning altar of Makhleb.
  2381 | D:4      | Reached skill level 1 in Dodging
  2440 | D:4      | Noticed hotshotu's ghost (novice HuWn)
  2442 | D:4      | Gained mutation: You are partially covered in icy blue scales. (AC +2) [potion of beneficial mutation]
  2463 | D:5      | Entered Level 5 of the Dungeon
  2463 | D:5      | Found Vaekau's Assorted Antiques.
  2738 | D:5      | Noticed a phantom
  2769 | D:5      | Killed a phantom
  2769 | D:5      | Reached XP level 7. HP: 42/61 MP: 7/7
  3207 | D:4      | Found an iron altar of Okawaru.
  3362 | D:4      | Killed hotshotu's ghost
  3362 | D:4      | Reached skill level 7 in Axes
  3362 | D:4      | Reached skill level 5 in Armour
  3582 | D:5      | HP: 1/62 [ogre/giant club (23)]
  3584 | D:5      | Reached skill level 8 in Axes
  3584 | D:5      | Reached XP level 8. HP: 1/70 MP: 8/8
  3981 | D:5      | Noticed Grinder
  3997 | D:5      | Reached skill level 5 in Shields
  4444 | D:5      | Killed Grinder
  4444 | D:5      | Reached skill level 9 in Axes
  4501 | D:5      | Found a blossoming altar of Fedhas.
  4704 | D:5      | Bought an ancient hand axe for 200 gold pieces
  4704 | D:5      | Identified the +6 hand axe of Exquisite Torment {flame, +Fly rPois rC+ MP+9} (You bought it in a shop on level 5 of the Dungeon)
  4743 | D:6      | Found a sparkling altar of Nemelex Xobeh.
  4827 | D:6      | Reached * piety under Beogh
  4833 | D:6      | Reached XP level 9. HP: 56/78 MP: 9/9
  4864 | D:6      | Reached skill level 10 in Axes
  5022 | D:6      | Found a staircase to the Ecumenical Temple.
  5198 | D:7      | Noticed Menkaure
  5203 | D:7      | Killed Menkaure
  5429 | D:7      | Found a radiant altar of Vehumet.
  5837 | D:8      | Reached skill level 11 in Axes
  5849 | D:8      | Noticed a two-headed ogre
  5855 | D:8      | Killed a two-headed ogre
  5907 | D:8      | Reached ** piety under Beogh
  6224 | D:8      | Reached XP level 10. HP: 65/88 MP: 10/10
  6325 | D:8      | Reached skill level 12 in Axes
  6649 | D:9      | Noticed Psyche
  6659 | D:9      | Killed Psyche
  6775 | D:9      | Reached skill level 1 in Stealth
  6910 | D:9      | Reached *** piety under Beogh
  7002 | D:9      | Noticed Prince Ribbit
  7005 | D:9      | Killed Prince Ribbit
  7008 | D:9      | Found a staircase to the Lair.
  7096 | D:9      | Noticed kalelian's ghost (novice MiBe)
  7104 | D:9      | Noticed Maurice
  7111 | D:9      | Killed kalelian's ghost
  7126 | D:9      | Noticed a manticore
  7141 | D:9      | Killed a manticore
  7141 | D:9      | Reached skill level 13 in Axes
  7145 | D:9      | Killed Maurice
  7638 | D:9      | Reached XP level 11. HP: 24/97 MP: 11/11
  7805 | D:9      | Noticed Pikel
  7821 | D:9      | Killed Pikel
  8019 | D:10     | Entered Level 10 of the Dungeon
  8078 | D:10     | Gained Margrim as an ally
  8097 | D:10     | Noticed a hill giant
  8107 | D:10     | Killed a hill giant
  8780 | D:11     | Reached skill level 14 in Axes
  8834 | D:11     | Noticed a vault guard
  8846 | D:11     | Killed a vault guard
  8851 | D:11     | Found a portal to a secret trove of treasure.
  8922 | D:11     | Noticed a hill giant
  8923 | D:11     | Reached **** piety under Beogh
  8928 | D:11     | Killed a hill giant
  9283 | D:11     | Noticed a green ugly thing
  9293 | D:11     | Killed a green ugly thing
  9362 | D:10     | Gained Okrist as an ally
  9406 | Lair:1   | Entered Level 1 of the Lair of Beasts
  9414 | Lair:1   | Reached skill level 10 in Fighting
  9425 | Lair:1   | Reached skill level 10 in Shields
  9513 | Lair:1   | Reached XP level 12. HP: 85/106 MP: 12/12
  9675 | Lair:1   | Got a sheer robe
  9678 | Lair:1   | Identified the +1 robe of Lilacs {Str+3} (You found it on level 1 of the Lair of Beasts)
  9924 | Lair:1   | HP: 4/107 [electric eel/bolt of electricity (5)]
  9924 | Lair:1   | Killed from afar by an electric eel

Vault maps used:
D:1:      matt_arrival_spirals, st_stairs_12
D:2:      first_bread, kennysheep_boxes
D:4:      nicolae_overflow_hidden_temple, chequers_temple_overflow_minitemple,
          okawaru_altar_gauntlet_db
D:5:      basic_altar, serial_shops, shop_fountains, uniq_grinder
D:6:      basic_altar
D:7:      basic_altar, uniq_menkaure
D:9:      lair_0_dummy, serial_ice, serial_ice_j, serial_ice_d, serial_ice_h,
          serial_ice_g, the_bakery, item_on_display_a, uniq_prince_ribbit1,
          uniq_pikel, uniq_maurice, uniq_psyche
D:11:     enter_trove_5, minmay_beelzebubs_servants
Lair:1:   minmay_lair_oklob_items, serial_bayou_lake_a

Skill      XL: |  1  2  3  4  5  6  7  8  9 10 11 |
---------------+----------------------------------+-----
Fighting       | 4 5 6 7 9 10 | 10.5
Axes           | 3 4 5 6 8 9 11 13 14 | 14.9
Shields        | 4 5 6 8 10 | 10.7
Armour         | 4 5 6 7 8 9 |  9.5
Dodging        | 1 2 |  2.0
Stealth        | 1 |  1.1
Invocations    | |  0.3

Action                   |  1- 3 |  4- 6 |  7- 9 | 10-12 || total
-------------------------+-------+-------+-------+-------++-------
Melee: War axe           |   106 |   162 |   119 |       ||   387
       Hand axe          |       |       |   168 |   417 ||   585
Invok: Convert to Beogh  |       |     1 |       |       ||     1
       Recall Orcish Fol |       |       |       |     1 ||     1
  Use: Scroll            |     2 |     3 |    13 |     8 ||    26
       Potion            |       |     3 |     6 |     1 ||    10
 Stab: Distracted        |       |       |       |     1 ||     1
  Eat: Chunk             |     1 |     4 |     8 |     7 ||    20
       Pizza             |       |     1 |     1 |       ||     2
       Beef jerky        |       |       |     1 |       ||     1
       Meat ration       |       |       |       |     1 ||     1
Armor: Scale mail        |    39 |    81 |    37 |       ||   157
       Chain mail        |       |       |    55 |    72 ||   127
       Plate armour      |       |       |       |    31 ||    31
Dodge: Dodged            |    28 |    49 |    56 |    28 ||   161
Block: Shield            |    43 |    82 |    88 |       ||   213
       Large shield      |       |       |    54 |   208 ||   262
